[Event "Titled Tuesday Blitz August 1 Early 2023"]
[White "Perdomo, Carlos Andres"]
[Black "Jiganchine, Roman"]
[WhiteFideId "4400852"]
[BlackFideId "2603667"]
[WhiteElo "2603"]
[BlackElo "2314"]
[Result "1-0"]
[Round "3"]
[TimeControl "180+1"]
[Date "2023.08.01"]
[WhiteClock "0:00:31"]
[BlackClock "0:00:00"]
[Board "205"]

1. Nf3 d5 2. b3 Bf5 3. Bb2 e6 4. e3 Nf6 5. Be2 h6 6. O-O Be7 7. c4 c6 8. d4 O-O 9. Nc3 Nbd7 10. a3 Ne4 11. Bd3 Ndf6 12. Qc2 Bh7 13. Nd2 Nxc3 14. Bxh7+ Nxh7 15. Bxc3 Nf6 16. e4 dxe4 17. Nxe4 Nxe4 18. Qxe4 Bf6 19. b4 b5 20. Qxc6 bxc4 21. Qxc4 Rc8 22. Qd3 Qd5 23. Rad1 Rc4 24. Rd2 Rfc8 25. Bb2 a5 26. bxa5 Qxa5 27. Rfd1 Qd5 28. g3 h5 29. h4 g6 30. Qf1 Qf3 31. Rd3 Qg4 32. Qg2 Rc2 33. R1d2 Rc1+ 34. Bxc1 Rxc1+ 35. Kh2 Ra1 36. d5 exd5 37. Qxd5 Bxh4 38. Rf3 Bxg3+ 39. fxg3 1-0


[Site "https://www.chess.com"]

[Event "Titled Tuesday Blitz August 1 Early 2023"]
[White "Zaksaite, Salomeja"]
[Black "Ahmad, Khagan"]
[WhiteFideId "12801496"]
[BlackFideId "13431552"]
[WhiteElo "2312"]
[BlackElo "2566"]
[Result "0-1"]
[Round "3"]
[TimeControl "180+1"]
[Date "2023.08.01"]
[WhiteClock "0:00:00"]
[BlackClock "0:00:03"]
[Board "206"]

1. e4 c5 2. Nf3 d6 3. d4 cxd4 4. Nxd4 Nf6 5. Nc3 a6 6. Bc4 e6 7. Bb3 Be7 8. O-O O-O 9. Be3 b5 10. f3 Bb7 11. Qe1 Nc6 12. Rd1 Na5 13. Qg3 Nxb3 14. axb3 Re8 15. Bh6 Bf8 16. e5 dxe5 17. Nf5 Qb6+ 18. Be3 Qc7 19. Nh6+ Kh8 20. Ng4 Nxg4 21. fxg4 b4 22. Na4 Qxc2 23. Rc1 Qxb3 24. Nb6 Rad8 25. Rxf7 Rd1+ 26. Rxd1 Qxd1+ 27. Rf1 Qe2 28. Nd7 Bd6 29. h3 Rd8 30. Rf2 Qd1+ 31. Rf1 Qe2 32. Rf2 Qd1+ 33. Rf1 Qd3 34. Nxe5 Bxe5 35. Qxe5 Qd5 36. Qxd5 Bxd5 37. Bc5 a5 38. Rf8+ Rxf8 39. Bxf8 Kg8 40. Bc5 Kf7 41. Kf2 e5 42. g3 Ke6 43. g5 g6 44. h4 Kd7 45. Ke3 Kc6 46. Bf8 Kb5 47. Be7 Kc4 48. Bf6 e4 49. Be5 a4 50. g4 Kb3 51. Bf6 Kc2 52. h5 Bc6 53. hxg6 hxg6 54. Be7 Kxb2 55. Bxb4 a3 56. Kd2 a2 57. Bc3+ Kb1 0-1


[Site "https://www.chess.com"]

[Event "Titled Tuesday Blitz August 1 Early 2023"]
[White "Vasques, Antonio Pedro Freixial"]
[Black "Eynullayev, Atilla"]
[WhiteFideId "1908332"]
[BlackFideId "13413570"]
[WhiteElo "2312"]
[BlackElo "2511"]
[Result "1/2-1/2"]
[Round "3"]
[TimeControl "180+1"]
[Date "2023.08.01"]
[WhiteClock "0:00:11"]
[BlackClock "0:00:07"]
[Board "207"]

1. e4 c5 2. Nf3 d6 3. d4 cxd4 4. Nxd4 Nf6 5. Nc3 a6 6. Be2 e5 7. Nb3 Be7 8. O-O O-O 9. a4 Be6 10. a5 Nbd7 11. Be3 Rc8 12. f4 Rxc3 13. bxc3 Nxe4 14. Bf3 f5 15. Bxe4 fxe4 16. f5 Bc4 17. Rf2 Bg5 18. Bxg5 Qxg5 19. Qxd6 e3 20. Rf3 Rxf5 21. Qxd7 Rxf3 22. Qc8+ Rf8 23. Qxc4+ Kh8 24. Rf1 Rxf1+ 25. Qxf1 h5 26. Qf8+ Kh7 27. Qb4 Qf5 28. Qh4 Qxc2 29. Qxh5+ Kg8 30. Qe8+ Kh7 31. Qh5+ Kg8 32. h4 Qxb3 33. Qxe5 Qd1+ 34. Kh2 e2 35. Qe8+ Kh7 36. Qh5+ Kg8 37. Qe8+ Kh7 38. Qh5+ Kg8 39. Qe8+ 1/2-1/2


[Site "https://www.chess.com"]

[Event "Titled Tuesday Blitz August 1 Early 2023"]
[White "Akhayan, Ruben"]
[Black "Gutkin, Ilya"]
[WhiteFideId "204439"]
[BlackFideId "16203470"]
[WhiteElo "2307"]
[BlackElo "2502"]
[Result "1-0"]
[Round "3"]
[TimeControl "180+1"]
[Date "2023.08.01"]
[WhiteClock "0:00:16"]
[BlackClock "0:00:02"]
[Board "208"]

1. e4 e5 2. Bc4 Nf6 3. d3 Nc6 4. Nc3 Bc5 5. f4 d6 6. Nf3 Bg4 7. Na4 exf4 8. Nxc5 dxc5 9. Bxf4 Nd4 10. c3 Nxf3+ 11. gxf3 Be6 12. Bxe6 fxe6 13. Qe2 O-O 14. O-O-O Nh5 15. Be3 b6 16. Kc2 e5 17. Rhg1 Qf6 18. Rdf1 Nf4 19. Bxf4 Qxf4 20. Rg4 Qf6 21. Qg2 Rad8 22. f4 exf4 23. Rgxf4 Qxf4 24. Rxf4 Rxf4 25. a3 a5 26. Kb1 Rxd3 27. e5 Rf8 28. Qc6 Re3 29. Qxc7 Re8 30. Qxb6 R3xe5 31. Qxa5 h5 32. Qa6 Kh7 33. Qd3+ g6 34. a4 R5e7 35. a5 Ra8 36. a6 Rea7 37. Qb5 Rxa6 38. Qxc5 R8a7 39. h4 Rb7 40. b4 Re6 41. Kb2 Re4 42. Qf2 Kg7 43. Kb3 Rf7 44. Qh2 Rff4 45. b5 Rxh4 46. Qd2 Re5 47. c4 Ree4 48. Qd7+ Kh6 49. Qd2+ Rhf4 50. b6 Rxc4 51. b7 Rd4 52. b8=Q Kg5 53. Qe5+ Kg4 54. Qexd4 Rxd4 55. Qxd4+ Kf5 56. Qd3+ Kg5 57. Qg3+ Kf5 58. Kc4 g5 59. Kd4 g4 60. Ke3 Kg5 61. Ke4 h4 62. Qe5+ Kg6 63. Kf4 g3 64. Kf3 Kh6 65. Qf4+ Kh5 66. Qg4+ Kh6 67. Qxh4+ 1-0


[Site "https://www.chess.com"]

[Event "Titled Tuesday Blitz August 1 Early 2023"]
[White "Fernandez Lopez, Ruben"]
[Black "Ardila, Oscar Humberto"]
[WhiteFideId "24518298"]
[BlackFideId "4404742"]
[WhiteElo "2498"]
[BlackElo "2304"]
[Result "1-0"]
[Round "3"]
[TimeControl "180+1"]
[Date "2023.08.01"]
[WhiteClock "0:02:16"]
[BlackClock "0:00:12"]
[Board "209"]

1. b3 Nf6 2. Bb2 e6 3. e3 Be7 4. c4 O-O 5. Nf3 c5 6. d4 Nc6 7. Be2 d5 8. cxd5 Nxd5 9. O-O Bf6 10. Nbd2 cxd4 11. exd4 g6 12. Bb5 Bg7 13. Bxc6 bxc6 14. Rc1 Ba6 15. Re1 Rc8 16. Ne4 Nb4 17. Nc5 Qb6 18. Nd7 Qc7 19. Nxf8 Nd3 20. Ba3 Bxf8 21. Bxf8 Rxf8 22. Re3 Nxc1 23. Qxc1 Qb6 24. Rc3 Bb7 25. h3 Rd8 26. Qf4 Qa5 27. Rc2 c5 28. Ng5 Qe1+ 29. Kh2 Rf8 30. dxc5 Qf1 31. c6 Ba6 32. c7 Bb7 33. f3 Bc8 34. Rd2 h6 35. Rd8 Qa6 36. Qxf7+ 1-0


[Site "https://www.chess.com"]

[Event "Titled Tuesday Blitz August 1 Early 2023"]
[White "Girya, Olga"]
[Black "Ai, Evan"]
[WhiteFideId "4195752"]
[BlackFideId "2094770"]
[WhiteElo "2495"]
[BlackElo "2303"]
[Result "0-1"]
[Round "3"]
[TimeControl "180+1"]
[Date "2023.08.01"]
[WhiteClock "0:00:03"]
[BlackClock "0:00:04"]
[Board "210"]

1. d4 Nf6 2. Nf3 e6 3. c4 d5 4. Nc3 Be7 5. Bf4 c6 6. e3 O-O 7. h3 Nbd7 8. Qc2 dxc4 9. Bxc4 b5 10. Bd3 Bb7 11. Rd1 a6 12. Ne5 h6 13. O-O Qc8 14. Nxd7 Qxd7 15. Ne4 Nxe4 16. Bxe4 Rac8 17. a3 Ba8 18. Rd2 Qa7 19. Rc1 c5 20. d5 exd5 21. Bxd5 Bxd5 22. Rxd5 Rfd8 23. Rcd1 Rxd5 24. Rxd5 Rd8 25. e4 Rxd5 26. exd5 Qd7 27. d6 Bf6 28. Qxc5 Kf8 29. b4 g5 30. Be5 Bd8 31. Qd5 f6 32. Bd4 Kg7 33. Bc5 a5 34. Qe4 axb4 35. axb4 Qf7 36. Kh2 f5 37. Qe5+ Qf6 38. Qd5 Qf7 39. Qc6 Qe6 40. d7 Qxc6 0-1


[Site "https://www.chess.com"]

[Event "Titled Tuesday Blitz August 1 Early 2023"]
[White "Szente Varga, Fruzsina"]
[Black "Tokman, Ariel"]
[WhiteFideId "712264"]
[BlackFideId "117420"]
[WhiteElo "2303"]
[BlackElo "2494"]
[Result "1-0"]
[Round "3"]
[TimeControl "180+1"]
[Date "2023.08.01"]
[WhiteClock "0:01:23"]
[BlackClock "0:01:23"]
[Board "211"]

1. e4 Nf6 2. e5 Nd5 3. Bc4 Nb6 4. Bb3 e6 5. d4 d6 6. f4 c5 7. dxc5 dxc5 8. Qxd8+ Kxd8 9. c4 Nc6 10. Nf3 Na5 11. Nbd2 Nxb3 12. axb3 Kc7 13. Ne4 h6 14. Be3 Nd7 15. Ke2 b6 16. Rhd1 Bb7 17. Nd6 Bxd6 18. Rxd6 Rhd8 19. Rad1 Nf8 20. b4 cxb4 21. c5 bxc5 22. Bxc5 Nd7 23. Bxb4 Nb6 24. Rc1+ 1-0


[Site "https://www.chess.com"]

[Event "Titled Tuesday Blitz August 1 Early 2023"]
[White "Tikhonov, Viacheslav"]
[Black "Levitan, Caleb Levi"]
[WhiteFideId "44196407"]
[BlackFideId "14332620"]
[WhiteElo "2493"]
[BlackElo "2299"]
[Result "1-0"]
[Round "3"]
[TimeControl "180+1"]
[Date "2023.08.01"]
[WhiteClock "0:00:20"]
[BlackClock "0:00:01"]
[Board "212"]

1. e4 e5 2. Nf3 Nc6 3. Bc4 Bc5 4. O-O Nf6 5. d4 Bxd4 6. Nxd4 Nxd4 7. Be3 Nc6 8. f4 O-O 9. Nc3 d6 10. f5 Na5 11. Be2 b6 12. Bg5 h6 13. Bh4 Bb7 14. b4 Nc6 15. Nd5 Nd4 16. Nxf6+ gxf6 17. c3 Nxe2+ 18. Qxe2 Kh7 19. Rf3 Rg8 20. Rh3 d5 21. Qh5 Qf8 22. Bxf6 dxe4 23. Rd1 e3 24. Rd7 Rxg2+ 25. Kf1 Kg8 26. Qxh6 Qxh6 27. Rxh6 e2+ 28. Ke1 Rg1+ 29. Kxe2 Ba6+ 30. Kf2 Rf1+ 31. Kg2 Rxf5 32. Rh8# 1-0


[Site "https://www.chess.com"]

[Event "Titled Tuesday Blitz August 1 Early 2023"]
[White "Shohat, Yotam"]
[Black "Van den Dikkenberg, Erik"]
[WhiteFideId "2813955"]
[BlackFideId "1005880"]
[WhiteElo "2486"]
[BlackElo "2287"]
[Result "0-1"]
[Round "3"]
[TimeControl "180+1"]
[Date "2023.08.01"]
[WhiteClock "0:00:50"]
[BlackClock "0:01:29"]
[Board "213"]

1. d4 Nf6 2. Nc3 g6 3. Bf4 Bg7 4. e3 O-O 5. h4 h5 6. Qf3 d6 7. Qg3 Nc6 8. Bd3 Ng4 9. f3 e5 10. Bg5 f6 11. fxg4 fxg5 12. gxh5 exd4 13. Ne4 dxe3 14. hxg5 Bf5 15. hxg6 Ne5 16. Nf6+ Rxf6 17. gxf6 Nxd3+ 18. cxd3 Qxf6 19. Ne2 Bxd3 20. Nf4 Qxb2 21. Rd1 Qc3+ 0-1


[Site "https://www.chess.com"]

[Event "Titled Tuesday Blitz August 1 Early 2023"]
[White "Barwinska, Ewa"]
[Black "Molenda, Marcin"]
[WhiteFideId "21833761"]
[BlackFideId "1173065"]
[WhiteElo "2286"]
[BlackElo "2480"]
[Result "0-1"]
[Round "3"]
[TimeControl "180+1"]
[Date "2023.08.01"]
[WhiteClock "0:00:01"]
[BlackClock "0:00:22"]
[Board "214"]

1. e4 e5 2. Nf3 Nc6 3. Bb5 a6 4. Ba4 Nf6 5. O-O b5 6. Bb3 Bc5 7. Nxe5 Nxe5 8. d4 Bxd4 9. Qxd4 d6 10. f4 Nc6 11. Qc3 Ne7 12. e5 dxe5 13. fxe5 Nfd5 14. Bxd5 Qxd5 15. Nd2 Bb7 16. Qg3 O-O 17. Nf3 Ng6 18. h4 Rfe8 19. Bf4 Nxf4 20. Qxf4 Qe4 21. Qxe4 Bxe4 22. Rfe1 Bxf3 23. gxf3 Rad8 24. Rad1 Kf8 25. Rxd8 Rxd8 26. Kf2 Rd2+ 27. Re2 Rd1 28. Kg3 Ke7 29. f4 Ke6 30. c3 c5 31. Kg4 g6 32. Kf3 c4 33. Ke4 h5 34. b3 Rd3 35. bxc4 bxc4 36. Rb2 Rxc3 37. Rb6+ Ke7 38. Rxa6 Rh3 39. Rc6 Rxh4 40. Rxc4 Rh2 41. Rc7+ Kf8 42. a4 Ra2 43. Ra7 Kg7 44. e6 Re2+ 45. Kf3 Rxe6 46. a5 Re1 47. a6 Ra1 48. Ke4 Ra3 49. f5 Ra4+ 50. Kf3 g5 51. Kg3 Kf6 52. Kg2 Ra3 53. Rc7 Rxa6 54. Kg3 Ra5 55. Kg2 Rxf5 0-1


[Site "https://www.chess.com"]

[Event "Titled Tuesday Blitz August 1 Early 2023"]
[White "Gogolev, Artem"]
[Black "Fernandez Siles, Luis"]
[WhiteFideId "4116615"]
[BlackFideId "2209420"]
[WhiteElo "2466"]
[BlackElo "2282"]
[Result "0-1"]
[Round "3"]
[TimeControl "180+1"]
[Date "2023.08.01"]
[WhiteClock "0:00:06"]
[BlackClock "0:00:09"]
[Board "215"]

1. d4 Nf6 2. c4 g6 3. Nf3 Bg7 4. Nc3 O-O 5. e4 d6 6. Be2 c5 7. O-O Nc6 8. d5 Na5 9. h3 e5 10. a3 b6 11. b4 Nb7 12. Ne1 Nd7 13. Be3 f5 14. exf5 gxf5 15. f4 exf4 16. Bd2 Ne5 17. Rc1 Ng6 18. Nd3 Qh4 19. Nxf4 Be5 20. Be1 Qg5 21. Nd3 Bd4+ 22. Kh1 Bd7 23. Bd2 f4 24. Bf3 Rae8 25. Ne4 Qh6 26. Ndf2 Bf5 27. Bc3 Be3 28. Nf6+ Rxf6 29. Bxf6 Bxc1 30. Qxc1 Nd8 31. Ng4 Bxg4 32. Bxg4 Nf7 33. Ba1 Nfe5 34. Qc3 Nxg4 35. Rxf4 Nxf4 36. Kg1 Ne2+ 37. Kf1 Nxc3 0-1


[Site "https://www.chess.com"]

[Event "Titled Tuesday Blitz August 1 Early 2023"]
[White "Yashmetov, Mikhail"]
[Black "Doluhanova, Evgeniya"]
[WhiteFideId "24198900"]
[BlackFideId "14112035"]
[WhiteElo "2449"]
[BlackElo "2274"]
[Result "1-0"]
[Round "3"]
[TimeControl "180+1"]
[Date "2023.08.01"]
[WhiteClock "0:00:41"]
[BlackClock "0:00:04"]
[Board "216"]

1. d4 Nf6 2. c4 e6 3. g3 d5 4. Bg2 Bb4+ 5. Bd2 Be7 6. Nf3 O-O 7. O-O c6 8. Qc2 Nbd7 9. Rd1 b6 10. b3 a5 11. Bc3 Ba6 12. Nbd2 Rc8 13. e4 dxe4 14. Nxe4 Nxe4 15. Qxe4 Bf6 16. Ne5 Bb7 17. Nxd7 Qxd7 18. c5 Qc7 19. Rac1 b5 20. Qf3 Rfd8 21. d5 cxd5 22. Bxf6 gxf6 23. Qxf6 Re8 24. Rd4 1-0


[Site "https://www.chess.com"]

[Event "Titled Tuesday Blitz August 1 Early 2023"]
[White "Miguelitro69"]
[Black "Balla, Tamas-Kristof"]
[BlackFideId "1208497"]
[WhiteElo "2274"]
[BlackElo "2443"]
[Result "1-0"]
[Round "3"]
[TimeControl "180+1"]
[Date "2023.08.01"]
[WhiteClock "0:01:27"]
[BlackClock "0:00:51"]
[Board "217"]

1. e4 c5 2. Nf3 Nc6 3. d4 cxd4 4. Nxd4 e5 5. Nb3 Nf6 6. Nc3 Bb4 7. Bd3 Bxc3+ 8. bxc3 d6 9. O-O h6 10. c4 O-O 11. Ba3 Be6 12. Qe2 Rc8 13. Rab1 a5 14. Rfd1 a4 15. Nd2 Nd4 16. Qe1 Qd7 17. c3 Nc6 18. Nf1 Na5 19. Ne3 Rfd8 20. Qe2 Qc6 21. Nf5 Nxc4 22. Ne7+ Kh8 23. Nxc6 Nxa3 24. Nxd8 1-0


[Site "https://www.chess.com"]

[Event "Titled Tuesday Blitz August 1 Early 2023"]
[White "EdmundPlayer"]
[Black "Avazkhonov, Alikhon"]
[BlackFideId "14208504"]
[WhiteElo "2273"]
[BlackElo "2440"]
[Result "0-1"]
[Round "3"]
[TimeControl "180+1"]
[Date "2023.08.01"]
[WhiteClock "0:00:21"]
[BlackClock "0:00:18"]
[Board "218"]

1. e4 c6 2. d4 d5 3. Nd2 dxe4 4. Nxe4 Nf6 5. Nxf6+ exf6 6. c3 Bd6 7. Bd3 O-O 8. Qc2 Re8+ 9. Ne2 h5 10. O-O Nd7 11. Bf4 Nf8 12. Bxd6 Qxd6 13. Ng3 h4 14. Nf5 Bxf5 15. Bxf5 Rad8 16. Rfe1 g6 17. Bh3 f5 18. g3 Nh7 19. Bg2 Ng5 20. gxh4 Ne6 21. h5 Kg7 22. Re3 Nf4 23. hxg6 Qxg6 24. Rg3 Ne2+ 25. Kf1 Nxg3+ 26. hxg3 Rh8 27. Re1 Rh2 28. Qb3 Rdh8 29. Qxb7 Rh1+ 30. Bxh1 Rxh1+ 31. Ke2 Qe6+ 32. Kf3 Rxe1 33. Qxc6 Qe4+ 34. Qxe4 fxe4+ 35. Kf4 Re2 36. d5 Kf6 37. c4 Rxf2+ 38. Kxe4 Rxb2 39. c5 Rxa2 40. d6 Rc2 41. Kd5 Rd2+ 42. Kc6 Ke6 43. Kc7 a5 44. Kb7 a4 45. c6 Kxd6 46. c7 Rc2 47. c8=Q Rxc8 48. Kxc8 a3 49. Kd8 a2 50. Ke8 a1=Q 51. Kxf7 Qe5 52. g4 Qf4+ 53. Ke8 Qxg4 54. Kf8 Ke6 55. Ke8 Qg8# 0-1


[Site "https://www.chess.com"]

[Event "Titled Tuesday Blitz August 1 Early 2023"]
[White "Miszler, Levente"]
[Black "Nord, Alexander"]
[WhiteFideId "763276"]
[BlackFideId "1738135"]
[WhiteElo "2435"]
[BlackElo "2273"]
[Result "1-0"]
[Round "3"]
[TimeControl "180+1"]
[Date "2023.08.01"]
[WhiteClock "0:01:15"]
[BlackClock "0:00:12"]
[Board "219"]

1. e4 e6 2. d4 d5 3. Nc3 dxe4 4. Nxe4 Nd7 5. Nf3 Ngf6 6. Bd3 Nxe4 7. Bxe4 Nf6 8. Bd3 c5 9. Bg5 cxd4 10. Bb5+ Bd7 11. Bxd7+ Qxd7 12. Qxd4 Qxd4 13. Nxd4 Be7 14. O-O-O Nd5 15. Bxe7 Kxe7 16. c4 Rac8 17. b3 Rhd8 18. Kb2 Nf4 19. g3 Nh3 20. Rd2 e5 21. Re1 Kf6 22. Nf3 Rxd2+ 23. Nxd2 Rd8 24. Kc2 Kf5 25. f3 f6 26. Ne4 b6 27. b4 g5 28. c5 bxc5 29. bxc5 h5 30. Rb1 g4 31. Nd6+ Ke6 32. fxg4 hxg4 33. Kc3 Kd5 34. Rd1+ Kc6 35. Kc4 f5 36. Re1 f4 37. Rxe5 f3 38. Rf5 Rb8 39. Rf6 Rb1 40. Nb5+ Kd7 41. c6+ Ke7 42. c7 Kxf6 43. c8=Q f2 44. Qf8+ Kg5 45. Qg7+ Kh5 46. Qh7+ Kg5 47. Qxb1 1-0


[Site "https://www.chess.com"]

[Event "Titled Tuesday Blitz August 1 Early 2023"]
[White "Rangel, Daniel"]
[Black "Warchol, Kamil"]
[WhiteFideId "2124475"]
[BlackFideId "21858241"]
[WhiteElo "2422"]
[BlackElo "2272"]
[Result "1-0"]
[Round "3"]
[TimeControl "180+1"]
[Date "2023.08.01"]
[WhiteClock "0:00:18"]
[BlackClock "0:00:03"]
[Board "220"]

1. d4 Nf6 2. c4 e6 3. Nc3 Bb4 4. e3 O-O 5. Ne2 c6 6. a3 Ba5 7. g4 Nxg4 8. Ng3 f5 9. h3 Nf6 10. Bd3 d5 11. c5 Bxc3+ 12. bxc3 Ne4 13. Rg1 Qh4 14. Qf3 Nd7 15. Nh5 g6 16. Nf4 Qf6 17. Bb2 e5 18. Ne2 exd4 19. Nxd4 Ne5 20. Qe2 Nxd3+ 21. Qxd3 Nxc5 22. Qc2 Qf7 23. h4 Ne4 24. h5 Bd7 25. c4 dxc4 26. hxg6 hxg6 27. Nf3 c3 28. Bxc3 Qe6 29. Bb2 Be8 30. Rh1 g5 31. Rh8+ Kf7 32. Rh7+ Kg6 33. Rg7+ Kh6 34. O-O-O Bh5 35. Rh1 Nf6 36. Rxg5 Qe8 37. Bxf6 Rxf6 38. Rgxh5+ Qxh5 39. Rxh5+ Kxh5 40. Nd4 Raf8 41. Qe2+ Kg6 42. f4 R8f7 43. Nf3 Kg7 44. Ne5 Re7 45. Qg2+ Kh7 46. Qg5 Rxe5 47. fxe5 1-0


[Site "https://www.chess.com"]

[Event "Titled Tuesday Blitz August 1 Early 2023"]
[White "Fernandez Garcia, Gumersindo"]
[Black "Zaichenko, Daria"]
[WhiteFideId "24516740"]
[BlackFideId "4197453"]
[WhiteElo "2418"]
[BlackElo "2271"]
[Result "1-0"]
[Round "3"]
[TimeControl "180+1"]
[Date "2023.08.01"]
[WhiteClock "0:00:15"]
[BlackClock "0:00:06"]
[Board "221"]

1. Nf3 Nf6 2. g3 d5 3. Bg2 c5 4. b3 e6 5. O-O Be7 6. Bb2 O-O 7. d3 Nc6 8. c4 d4 9. e3 e5 10. exd4 exd4 11. a3 Bg4 12. h3 Bxf3 13. Qxf3 Qd7 14. Re1 Bd6 15. Bc1 Ne5 16. Qd1 Qf5 17. g4 Qxd3 18. Bf4 Qxd1 19. Rxd1 Nf3+ 20. Bxf3 Bxf4 21. b4 cxb4 22. axb4 Rfd8 23. Bxb7 Rab8 24. Rxa7 Rd7 25. b5 Rdxb7 26. Rxb7 Rxb7 27. Rxd4 Bc7 28. g5 Ne8 29. Nc3 f6 30. Rd7 Rb8 31. Nd5 Be5 32. f4 Bd4+ 33. Kg2 Kf8 34. h4 fxg5 35. hxg5 h6 36. Kf3 hxg5 37. fxg5 Rc8 38. Nf4 Be5 39. Ne6+ Kg8 40. c5 Nc7 41. Nxc7 Bxc7 42. Ke4 Bd8 43. c6 Bxg5 44. Kd5 Be3 45. Rb7 Kh7 46. b6 Bxb6 47. Rxb6 g5 48. Kd6 Kg6 49. c7 g4 50. Rb5 Rf8 51. Ke7 Rf7+ 52. Kd8 Rf8+ 53. Kd7 Rf7+ 54. Kd6 Rf6+ 55. Kd7 Rf7+ 56. Kc6 Rf8 57. Kb7 Rf7 58. Kb8 Rf8+ 59. c8=Q Rxc8+ 60. Kxc8 g3 61. Rb3 g2 62. Rg3+ Kf5 63. Rxg2 1-0


[Site "https://www.chess.com"]

[Event "Titled Tuesday Blitz August 1 Early 2023"]
[White "Avalos Parra, Joao"]
[Black "WindWhistler11"]
[WhiteFideId "3402541"]
[WhiteElo "2269"]
[BlackElo "2414"]
[Result "0-1"]
[Round "3"]
[TimeControl "180+1"]
[Date "2023.08.01"]
[WhiteClock "0:00:16"]
[BlackClock "0:01:05"]
[Board "222"]

1. d4 f5 2. Bf4 Nf6 3. e3 d6 4. c4 g6 5. h4 h6 6. Nc3 Bg7 7. Nf3 e6 8. Qc2 Qe7 9. O-O-O Bd7 10. Kb1 Na6 11. Bh2 Ng4 12. Bg3 c6 13. a3 Nc7 14. Bd3 e5 15. dxe5 dxe5 16. Nh2 Nf6 17. Be2 O-O 18. Nf3 Ng4 19. h5 g5 20. Nh2 Nf6 21. Qb3 Rab8 22. Qb4 c5 23. Qa5 Bc6 24. Nf3 f4 25. exf4 gxf4 26. Bh4 b6 27. Qxa7 Rb7 28. Bxf6 Qxf6 29. Nd5 Bxd5 30. Qa4 Be4+ 31. Ka2 Bf5 32. Nh4 e4 33. Nxf5 Qxb2# 0-1


[Site "https://www.chess.com"]

[Event "Titled Tuesday Blitz August 1 Early 2023"]
[White "Dobre, Claudiu-Cristian"]
[Black "Smietanska, Wiktoria"]
[WhiteFideId "1211854"]
[BlackFideId "21869359"]
[WhiteElo "2407"]
[BlackElo "2258"]
[Result "1-0"]
[Round "3"]
[TimeControl "180+1"]
[Date "2023.08.01"]
[WhiteClock "0:01:26"]
[BlackClock "0:00:00"]
[Board "223"]

1. c4 Nf6 2. Nf3 g6 3. Nc3 Bg7 4. d4 O-O 5. e4 d6 6. Be2 e5 7. O-O Nc6 8. d5 Ne7 9. Ne1 Nd7 10. f3 f5 11. g4 f4 12. h4 Nf6 13. Nd3 b6 14. Kg2 Qd7 15. Nf2 h6 16. Bd2 Nh7 17. b4 Bf6 18. Rh1 a5 19. a3 Kg7 20. Nb5 Ng8 21. bxa5 bxa5 22. Qe1 Qe7 23. Nd3 Ba6 24. a4 Bc8 25. Nc1 Qd7 26. Nb3 c6 27. dxc6 Qxc6 28. Nxa5 Qd7 29. Bb4 Be7 30. Nc3 Ngf6 31. Nd5 Nxd5 32. cxd5 Ba6 33. Nc6 Bxe2 34. Qxe2 h5 35. g5 Rfc8 36. Rhc1 Qb7 37. Qb5 Qxb5 38. axb5 Rxa1 39. Rxa1 Bd8 40. Ra7+ Kf8 41. Bxd6+ 1-0


[Site "https://www.chess.com"]

[Event "Titled Tuesday Blitz August 1 Early 2023"]
[White "Clawitter, Craig"]
[Black "Federzoni, Enzo"]
[WhiteFideId "2023105"]
[BlackFideId "2173301"]
[WhiteElo "2256"]
[BlackElo "2404"]
[Result "0-1"]
[Round "3"]
[TimeControl "180+1"]
[Date "2023.08.01"]
[WhiteClock "0:00:00"]
[BlackClock "0:00:57"]
[Board "224"]

1. e4 e5 2. Nf3 Nc6 3. Bb5 a6 4. Ba4 Nf6 5. O-O b5 6. Bb3 Bc5 7. c3 d6 8. a4 Rb8 9. d4 Bb6 10. axb5 axb5 11. Na3 O-O 12. Nxb5 Bg4 13. Re1 Bxf3 14. gxf3 Nh5 15. Kh1 Qh4 16. Be3 exd4 17. cxd4 Ba5 18. Nc3 Qh3 19. Bd5 Bxc3 20. bxc3 Ne7 21. Bc4 Ng6 22. Rg1 Nh4 23. Be2 f5 24. Qf1 Qxf1 25. Raxf1 f4 0-1


[Site "https://www.chess.com"]

[Event "Titled Tuesday Blitz August 1 Early 2023"]
[White "Ladan, Nicholas"]
[Black "Thiel, Thomas"]
[WhiteFideId "30918855"]
[BlackFideId "4615964"]
[WhiteElo "2403"]
[BlackElo "2251"]
[Result "0-1"]
[Round "3"]
[TimeControl "180+1"]
[Date "2023.08.01"]
[WhiteClock "0:00:02"]
[BlackClock "0:00:38"]
[Board "225"]

1. d4 d5 2. Nf3 Nf6 3. Bf4 g6 4. e3 Bg7 5. h3 O-O 6. Nbd2 b6 7. Bd3 Bb7 8. Qe2 Nbd7 9. O-O c5 10. c3 Rc8 11. a4 Ne4 12. Ba6 Bxa6 13. Qxa6 cxd4 14. exd4 Ra8 15. Nxe4 dxe4 16. Nd2 Nf6 17. Be5 Qd5 18. a5 b5 19. Rfe1 Rfe8 20. Bxf6 exf6 21. c4 bxc4 22. Qxc4 Qxc4 23. Nxc4 f5 24. Rad1 Red8 25. d5 Rac8 26. b3 Rb8 27. Re3 Bh6 28. Rc3 Bg7 29. Rg3 f4 30. Rg4 Rxb3 31. Rxf4 f5 32. d6 Rc3 33. Ne3 Bh6 34. g3 Bxf4 35. gxf4 Rd3 36. Rb1 R3xd6 37. Nc4 Rd1+ 38. Rxd1 Rxd1+ 39. Kg2 Ra1 40. Kg3 Ra4 41. Ne5 Rxa5 42. f3 Ra3 43. Kh4 Rxf3 44. Nd7 Rxf4+ 45. Kg5 Rf3 46. h4 Kg7 47. h5 h6+ 48. Kh4 g5# 0-1


[Site "https://www.chess.com"]

[Event "Titled Tuesday Blitz August 1 Early 2023"]
[White "Vaglio Munoz, Jaime"]
[Black "Der_Balak_3Halak"]
[WhiteFideId "6500145"]
[WhiteElo "2251"]
[BlackElo "2400"]
[Result "0-1"]
[Round "3"]
[TimeControl "180+1"]
[Date "2023.08.01"]
[WhiteClock "0:01:34"]
[BlackClock "0:00:11"]
[Board "226"]

1. Nf3 Nf6 2. c4 c5 3. b3 g6 4. Bb2 Bg7 5. g3 b6 6. Bg2 Bb7 7. O-O O-O 8. d3 d6 9. e4 e5 10. Nh4 Nc6 11. f4 Nd4 12. f5 g5 13. Nf3 Ng4 14. Bc1 Nxf3+ 15. Bxf3 Nh6 16. Nc3 f6 17. a3 Kh8 18. Kg2 Ng8 19. h4 h6 20. Rh1 Qe7 21. Ra2 Rae8 22. Kg1 Rf7 23. Bh5 Rff8 24. Bxe8 Rxe8 25. Rah2 Bf8 26. Qh5 gxh4 27. Rxh4 Bc6 28. Qg4 Qg7 29. Qh3 Re7 30. Rg4 Qh7 31. Rg6 Be8 32. Nd5 Bxg6 33. fxg6 Qxg6 34. Nxe7 Nxe7 35. Bxh6 Kg8 36. Qe6+ Qf7 37. Bxf8 Qxe6 38. Bxe7 Qxe7 39. Kg2 Qg7 40. Rf1 Qg5 41. Rf5 Qh6 42. g4 Kf7 43. g5 Qxg5+ 44. Rxg5 fxg5 45. Kg3 Kf6 46. Kf3 a6 47. a4 Kg6 48. Kg4 a5 49. Kg3 Kh5 50. Kh3 g4+ 51. Kg3 Kg5 52. Kg2 Kf4 53. Kf2 g3+ 54. Kg2 Ke3 55. Kxg3 Kxd3 56. Kg4 Kxe4 57. Kg3 Kd3 58. Kf2 e4 59. Ke1 Ke3 60. Kd1 Kf2 61. Kc2 e3 62. b4 e2 63. bxc5 dxc5 64. Kd3 e1=Q 65. Kc2 Qb4 66. Kd3 Qxa4 67. Kc3 Qb4+ 68. Kc2 a4 69. Kd3 a3 70. Ke4 a2 71. Kd5 a1=Q 72. Kc6 Qd4 73. Kc7 b5 74. Kc6 bxc4 75. Kc7 c3 76. Kc8 c2 77. Kc7 c1=Q 78. Kc6 c4 79. Kc7 c3 80. Kc8 c2 81. Kc7 Qbb1 82. Kc8 Qdd1 83. Kc7 Ke1 84. Kc8 Qcb2 85. Kc7 Q2a1 86. Kc6 Qa4+ 87. Kc5 Qaa2 88. Kc6 Qa3 89. Kc7 Qb5 90. Kc8 Qaa1 91. Kc7 Qbb1 92. Kc8 c1=Q# 0-1


[Site "https://www.chess.com"]

[Event "Titled Tuesday Blitz August 1 Early 2023"]
[White "Joshi, Pankaj"]
[Black "Pinto, Daniel"]
[WhiteFideId "5006210"]
[BlackFideId "3303144"]
[WhiteElo "2249"]
[BlackElo "2398"]
[Result "1-0"]
[Round "3"]
[TimeControl "180+1"]
[Date "2023.08.01"]
[WhiteClock "0:01:43"]
[BlackClock "0:01:35"]
[Board "227"]

1. e4 c6 2. d4 d5 3. exd5 cxd5 4. Bd3 Nc6 5. c3 Qc7 6. h3 e5 7. dxe5 Nxe5 8. Qe2 Be7 9. Bc2 Nc6 10. Bg5 Be6 11. Nf3 h6 12. Be3 Nf6 13. O-O O-O 14. Nd4 Nxd4 15. Bxd4 Rfe8 16. Nd2 Nh7 17. Nf3 g6 18. Bxg6 1-0


[Site "https://www.chess.com"]